 Dungeon Crawl Stone Soup version 0.19-a0-1792-g28b16ba (webtiles) character file.

61 Alarkh the Grave Robber (level 3, -3/24 HPs)
             Began as a Mummy Necromancer on Oct 4, 2016.
             Was an Initiate of Okawaru.
             Killed from afar by Natasha (9 damage)
             ... with a magic dart
             ... on level 2 of the Dungeon.
             The game lasted 00:02:11 (1624 turns).

Alarkh the Grave Robber (Mummy Necromancer)         Turns: 1624, Time: 00:02:11

Health: -3/24      AC:  3    Str: 11    XL:     3   Next: 83%
Magic:  0/7        EV: 12    Int: 15    God:    Okawaru [......]
Gold:   44         SH:  0    Dex: 12    Spells: 1 memorised, 6 levels left

rFire  . . .     SeeInvis .     e - +0 mace
rCold  + . .     Gourm    .     a - +1 robe
rNeg   + + +     Faith    .     (no shield)
rPois  ∞         Spirit   .     (no helmet)
rElec  .         Dismiss  .     (no cloak)
rCorr  .         Reflect  .     (no gloves)
MR     .....     Harm     .     (no boots)
Stlth  ++........               (no amulet)
                                (no ring)
                                d - ring of protection from fire

@: very slightly contaminated
A: no food or potions, fire vulnerability, cold resistance 1, negative energy
resistance 3, torment resistance, unbreathing
a: Renounce Religion


You were on level 2 of the Dungeon.
You worshipped Okawaru.
Okawaru was noncommittal.
You were not hungry.

You visited 1 branch of the dungeon, and saw 2 of its levels.

You collected 44 gold pieces.

Inventory:

Hand Weapons
 e - a +0 mace (weapon)
Armour
 a - a +1 robe (worn)
Jewellery
 d - a ring of protection from fire (left hand)
Scrolls
 h - 2 scrolls of remove curse
 j - a scroll of blinking {unknown}
Books
 b - a book of Necromancy

   Spells                             Type                      Level
   a - Pain                           Necromancy                   1
   b - Animate Skeleton               Necromancy                   1
   c - Vampiric Draining              Necromancy                   3
   d - Regeneration                   Charms/Necromancy            3
   e - Animate Dead                   Necromancy                   4
   f - Control Undead                 Necromancy                   4


   Skills:
 - Level 1.5 Dodging
 - Level 1.5 Stealth
 + Level 2.8 Spellcasting
 + Level 5.0 Necromancy


You had 6 spell levels left.
You knew the following spells:

 Your Spells              Type           Power        Failure   Level  Hunger
a - Pain                  Necr           ###.         2%          1    N/A

Dungeon Overview and Level Annotations

Branches:
Dungeon (2/15)

Altars:
Okawaru

Annotations:
D:2 Natasha


Innate Abilities, Weirdness & Mutations

You do not eat or drink.
Your flesh is vulnerable to fire.
You are immune to poison.
Your flesh is cold resistant. (rC+)
You are immune to negative energy. (rN+++)
You are immune to unholy pain and torment.
You can survive without breathing.


Message History

You feel aware of your surroundings.
It was a scroll of magic mapping.
Natasha claws you.
* * * LOW HITPOINT WARNING * * *
As you read the scroll labeled NIAF CA HETID, it crumbles to dust.
It is a scroll of recharging.
You aren't carrying any rechargeable items.
Natasha stares at you and mumbles some strange words.
You resist with some effort.
As you read the scroll labeled EKHUUBE SANWY, it crumbles to dust.
It is a scroll of enchant armour.
Your +0 robe glows green for a moment.
Natasha barely misses you.
Casting: Pain
Confirm with . or Enter, or press ? or * to list all spells.
Aiming: Pain
Press: ? - help, Shift-Dir - straight line, f/p - Natasha
Aim: Natasha (severely wounded, chance to defeat MR: 76%) Natasha barely resists.
Natasha stares at you and mumbles some strange words.
The magic dart hits you!
You die...

#.# #...#
******* #.#
###.#
*,,,,<* #.#
#.# *,*****
#.# #.. *,*
#######.#
#)# *,*
#.......#
### *,*
#(####### #
*,####.#
*,#.@..#
*,#h####
*,#.*****
***,#.,,,,*
*,,,##***,*
*,*******,*
*,,,,,,,,,*
***********


You could see Natasha.

Vanquished Creatures
  Jessica (D:2)
  A worm (D:2)
  3 dart slugs (D:1)
  A ball python (D:2)
  A giant cockroach (D:1)
  3 hobgoblins
  4 jackals (D:1)
  5 bats
  A frilled lizard (D:1)
  2 goblins
  3 kobolds
  3 rats
28 creatures vanquished.

Notes
Turn   | Place    | Note
-------+----------+-------------------------------------------
     0 | D:1      | Alarkh the Mummy Necromancer began the quest for the Orb.
     0 | D:1      | Reached XP level 1. HP: 13/13 MP: 3/3
   363 | D:1      | Reached XP level 2. HP: 19/19 MP: 1/5
  1164 | D:2      | Noticed Jessica
  1177 | D:2      | Killed Jessica
  1177 | D:2      | Reached XP level 3. HP: 24/24 MP: 1/7
  1389 | D:2      | Found an iron altar of Okawaru.
  1396 | D:2      | Became a worshipper of Warmaster Okawaru
  1548 | D:2      | Reached skill level 5 in Necromancy
  1613 | D:2      | Noticed Natasha
  1624 | D:2      | Killed from afar by Natasha

Vault maps used:
D:1:      dpeg_arrival_erosion
D:2:      okawaru_gym_becter, uniq_natasha, uniq_crazy_yiuf_cottage,
          uniq_jessica

Skill      XL: |  1  2  3 |
---------------+----------+-----
Necromancy     | 5 |  5.0
Dodging        | |  1.5
Stealth        | |  1.5
Spellcasting   | |  2.8

Action                   || total
-------------------------++-------
Melee: Mace              ||    38
 Cast: Pain              ||    56
  Use: Scroll            ||     4
 Stab: Sleeping          ||     2
Armor: Robe              ||    10
Dodge: Dodged            ||    42
